 Dungeon Crawl Stone Soup version 0.29.1-15-g9cfb28693d (webtiles) character file.

Game seed: 3545175052707112283

1281 Descartes the Covert (level 8, -7/39 HPs)
             Began as a Felid Monk on Mar 17, 2023.
             Mangled by a hog (10 damage)
             ... on level 6 of the Dungeon.
             The game lasted 00:10:40 (10307 turns).

Descartes the Covert (Felid Monk)                  Turns: 10307, Time: 00:10:41

Health: -7/39      AC:  2    Str:  9    XL:     8   Next: 29%
Magic:  9/9        EV: 24    Int: 11    God:
Gold:   298        SH:  0    Dex: 19    Spells: 7/7 levels left
                                        Lives:  0   Deaths: 2

rFire   . . .      SeeInvis +     - Unarmed
rCold   . . .      Faith    .   (shield unavailable)
rNeg    . . .      Spirit   .   (body armour unavailable)
rPois   .          Reflect  .   (helmet unavailable)
rElec   .          Harm     .   (cloak unavailable)
rCorr   .          Rampage  .   (gloves unavailable)
Will    +....                   (boots unavailable)
Stlth   ++++......              (no amulet)
HPRegen 0.13/turn               (no ring)
MPRegen 0.11/turn               (no ring)

@: quick
A: very small, claws 1, fangs 3, see invisible, speed 1, shaggy fur 2, stealthy
paws, no weapons or thrown items, no armour, multi-lived
a: no special abilities


You were on level 6 of the Dungeon.
You visited 1 branch of the dungeon, and saw 7 of its levels.

You collected 298 gold pieces.

Inventory:

Wands
 b - a wand of digging (7)
 o - a wand of iceblast (8)
 w - a wand of polymorph (10)
 y - a wand of paralysis (7)
 A - a wand of flame (8)
Scrolls
 c - 2 scrolls of immolation {unknown}
 d - 2 scrolls of amnesia {unknown}
 f - a scroll of silence {unknown}
 g - 6 scrolls of identify {unknown}
 i - 2 scrolls of enchant armour {unknown}
 l - a scroll of vulnerability {unknown}
 n - a scroll of butterflies {unknown}
 p - 2 scrolls of teleportation {unknown}
 q - a scroll of noise {unknown}
 r - a scroll of enchant weapon {unknown}
 t - a scroll of acquirement {unknown}
 u - 2 scrolls of brand weapon {unknown}
 x - a scroll of fear {unknown}
Potions
 a - a potion of ambrosia
 e - 6 potions of curing {unknown}
 h - a potion of cancellation {unknown}
 j - 3 potions of heal wounds {unknown}
 k - a potion of degeneration
 m - a potion of lignification {unknown}
 s - 2 potions of brilliance {unknown}
 v - a potion of attraction {unknown}
 z - a potion of might


   Skills:
 + Level 6.7 Fighting
 + Level 9.0 Dodging
 + Level 9.0 Stealth
 + Level 6.7 Unarmed Combat


You had 7 spell levels left.
You didn't know any spells.
Your spell library contained the following spells:

 Spells                   Type           Power      Damage    Failure   Level
 Magic Dart               Conj           0%         1d3       34%         1
 Call Imp                 Summ           0%         N/A       47%         2
 Confusing Touch          Hex            0%         N/A       71%         3
 Conjure Flame            Conj/Fire      0%         6-21      71%         3
 Ignite Poison            Fire/Tmut/Pois 0%         N/A       71%         3
 Mephitic Cloud           Conj/Pois/Air  0%         N/A       71%         3
 Stone Arrow              Conj/Erth      0%         3d7       71%         3
 Sticky Flame             Conj/Fire      0%         2d3       98%         4
 Alistair's Intoxication  Tmut/Pois      0%         N/A       100%        5
 Borgnjor's Vile Clutch   Necr/Erth      0%         N/A       100%        5
 Yara's Violent Unravell  Hex/Tmut       0%         3d3       100%        5
 Eringya's Noxious Bog    Tmut/Pois      0%         N/A       100%        6
 Enfeeble                 Hex            0%         N/A       100%        7
 Lehudib's Crystal Spear  Conj/Erth      0%         10d2      100%        8
 Animate Armour           Summ/Erth      Unusable   N/A       N/A         4

Dungeon Overview and Level Annotations

Branches:
Dungeon (7/15)
 Temple: D:4-7

Altars:
Dithmenos
Hepliaklqana
Nemelex Xobeh
Vehumet

Shops:
D:2 [??=

Annotations:
D:3 Edmund
D:6 2 transporters


Innate Abilities, Weirdness & Mutations

You have sharp claws.
You have razor-sharp teeth.
You have supernaturally acute eyesight. (SInv)
You cover ground quickly. (Speed+)
You are covered in thick fur. (AC +2)
Your paws help you pounce on unaware monsters.
You are incapable of wielding weapons or throwing items.
You cannot wear armour.
You gain extra lives every three experience levels.


Message History

There is an open door here.
The hog attacks as you move away! The hog barely misses you.
There is a stone staircase leading up here.
The hog barely misses you. x2; The hog closely misses you.
You climb upwards.
Level annotation: 2 transporters
There is a stone staircase leading down here.
You claw the hog! You bite the hog.
The hog is moderately wounded.
The hog completely misses you.
You barely miss the hog.
The hog is moderately wounded.
The hog bites you!
You scratch the hog.
The hog is moderately wounded.
The hog completely misses you.
You barely miss the hog.
The hog is moderately wounded.
The hog bites you!
You are too injured to fight recklessly!
You are too injured to fight recklessly!
You are too injured to fight recklessly!
You are too injured to fight recklessly!
You are too injured to fight recklessly!
You are too injured to fight recklessly!
You are too injured to fight recklessly!
You are too injured to fight recklessly!
You are too injured to fight recklessly!
You closely miss the hog.
The hog is moderately wounded.
The hog bites you!
* * * LOW HITPOINT WARNING * * *
You scratch the hog. Your bite misses the hog.
The hog is heavily wounded.
The hog completely misses you. x2
The hog completely misses you. The hog attacks as you move away!
The hog barely misses you. The hog attacks as you move away!
The hog misses you. The hog attacks as you move away! The hog bites you!
You die...

#...........##.###....[....#
#####.#..............#######
#.#####.##.####.## #.#
#.##.# ### #.#####.##.#
#)......##.# ########
##########.# #.......
##h##.# #.#####. ##
##.#@#.##### #.# #. .#
######.#........###.#####.
.#
#.......>##.###........##.
.#
#.####.###...######.##.##.
.# #.# ##.#.....# ##.##.##.
.# #.# ##.#...## #........
.# #.# ####.## #.###.### ##
#.# #.# #.# #.# # #.# #.#
#.# #.# #


You could see a hog.

Vanquished Creatures
  Grinder (D:3)
  Eustachio (D:5)
  Duvessa (D:7)
  A black bear (D:5)
  A sky beast (D:6)
  An ice beast (D:6)
  A centaur (D:6)
  A phantom (D:6)
  2 bullfrogs (D:6)
  2 necrophages
  A scorpion (D:4)
  5 wights (D:6)
  Dowan (D:7)
  A howler monkey (D:6)
  3 jellies
  3 hounds
  5 orc priests
  3 iguanas
  Jessica (D:3)
  Ijyb (D:3)
  5 adders
  8 gnolls
  3 worms (D:2)
  A dart slug (D:3)
  12 orcs
  9 ball pythons
  19 endoplasms
  4 giant cockroaches
  4 goblins
  6 hobgoblins
  6 jackals (D:3)
  16 kobolds
  8 quokkas
  6 bats
  4 frilled lizards
  8 rats
155 creatures vanquished.

Vanquished Creatures (others)
  23 fungi
  4 toadstools (D:3)
27 creatures vanquished.

Grand Total: 182 creatures vanquished

Notes
Turn   | Place    | Note
-------+----------+-------------------------------------------
     0 | D:1      | Descartes the Felid Monk began the quest for the Orb.
     0 | D:1      | Reached XP level 1. HP: 10/10 MP: 2/2
   280 | D:1      | Reached XP level 2. HP: 14/14 MP: 3/3
   368 | D:1      | Found a faded altar of an unknown god.
  1203 | D:2      | Found Ucwosiol's Assorted Antiques.
  1210 | D:2      | Reached XP level 3. HP: 17/17 MP: 4/4
  1459 | D:2      | Found Ymayl's Antique Armour Shoppe.
  1509 | D:2      | Found Uqoun's Magic Scroll Emporium.
  2248 | D:2      | Found Lujukl Oror's Jewellery Shoppe.
  2305 | D:2      | Found Kugif's Magic Scroll Shoppe.
  2467 | D:2      | Reached XP level 4. HP: 16/21 MP: 5/5
  2668 | D:3      | Noticed Ijyb
  2692 | D:3      | Killed Ijyb
  2693 | D:3      | Reached skill level 5 in Dodging
  3046 | D:3      | Reached XP level 5. HP: 25/25 MP: 6/6
  3100 | D:3      | Noticed Grinder
  3114 | D:3      | Killed Grinder
  3115 | D:3      | Reached skill level 5 in Stealth
  3115 | D:3      | Gained mutation: You are covered in thick fur. (AC +2)
                  | [Felid growth]
  3115 | D:3      | Reached XP level 6. HP: 12/29 MP: 7/7
  3385 | D:3      | Found a shadowy altar of Dithmenos.
  4104 | D:3      | Noticed Jessica
  4110 | D:3      | Killed Jessica
  5139 | D:4      | Noticed Edmund
  5305 | D:4      | Reached XP level 7. HP: 33/33 MP: 8/8
  5511 | D:4      | Found a radiant altar of Vehumet.
  6029 | D:5      | Entered Level 5 of the Dungeon
  6150 | D:5      | Reached skill level 5 in Fighting
  6417 | D:5      | Found a sparkling altar of Nemelex Xobeh.
  6431 | D:5      | Reached skill level 5 in Unarmed Combat
  6669 | D:4      | HP: 1/33 [hound (4)]
  7029 | D:4      | HP: 1/33 [orc priest/divine providence (11)]
  7035 | D:4      | Mangled by an orc priest
  7036 | D:4      | Reached XP level 6. HP: -7/30 MP: 7/7
  7535 | D:5      | Reached XP level 7. HP: 33/33 MP: 8/8
  7557 | D:5      | Noticed Eustachio
  7563 | D:5      | Killed Eustachio
  8011 | D:5      | Found a sparkling altar of Nemelex Xobeh.
  8942 | D:6      | Found a hazy altar of Hepliaklqana.
  9201 | D:6      | Reached XP level 8. HP: 15/37 MP: 9/9
  9414 | D:6      | Mangled by a wight
  9415 | D:6      | Reached XP level 7. HP: -7/30 MP: 8/8
  9441 | D:6      | Found a transporter.
  9666 | D:6      | Found a transporter.
  9753 | D:6      | Reached XP level 8. HP: 35/39 MP: 9/9
 10176 | D:7      | Noticed Duvessa
 10178 | D:7      | Noticed Dowan
 10183 | D:7      | Killed Duvessa
 10197 | D:7      | Killed Dowan
 10307 | D:6      | Mangled by a hog

Illustrated notes

Levels and vault maps discovered:
D:1:      dpeg_arrival_tiny_k, layout_loops_cross,
          shapermc_ecumenical_altar_mp_highgroup, serial_bayou,
          serial_bayou_lagoon_a, serial_bayou_pond_d, serial_bayou_pond_d,
          serial_bayou_pond_c, serial_bayou_pond_d
D:2:      layout_loops_cross, serial_shops, shop, shop,
          nicolae_shop_window_shopping, shop, nicolae_shop_stone
D:3:      cheibrodos_fertilizer, layout_loops_corners,
          nicolae_dithmenos_through_a_glass_darkly, uniq_ijyb, uniq_jessica,
          uniq_grinder
D:4:      layout_basic, vehumet_crystals, dreamdust_princess_bridge, uniq_edmund
D:5:      layout_basic, mainiacjoe_overflow_catwalk, minivault_4,
          dreamdust_princess_corridor, feat_on_display, uniq_eustachio
D:6:      gammafunk_steamed_eel, layout_loops_corners,
          mainiacjoe_overflow_cross_hatched, minmay_misc_feat_doors
D:7:      layout_basic, nicolae_overflow_crystal_walls,
          lemuel_temple_firewalk_a, grunt_livestock,
          minmay_fractal_squares_diagonal_5, uniq_crazy_yiuf_cottage,
          uniq_duvessa, uniq_maggie

Skill      XL: |  1  2  3  4  5  6  7  8 |
---------------+-------------------------+-----
Stealth        | 3 4 5 7 9 |  9.0
Dodging        | 5 6 8 9 |  9.0
Fighting       | 4 6 |  6.7
Unarmed Combat | 4 6 |  6.7

Action                   |  1- 3 |  4- 6 |  7- 9 || total
-------------------------+-------+-------+-------++-------
Melee: Unarmed           |   123 |   163 |   235 ||   521
       Bite              |     7 |    20 |    27 ||    54
       Punch             |     1 |     4 |     9 ||    14
  Use: Potion            |       |     3 |       ||     3
 Stab: Sleeping          |    12 |    14 |    14 ||    40
       Distracted        |       |     1 |     1 ||     2
Armor: Skin              |     2 |     5 |     5 ||    12
Dodge: Dodged            |    87 |   124 |   255 ||   466
